Map: Efflorescence LE

Players

DrZ - Winner!

  • Race: Terran Terran
  • League: Diamond
  • Spawn Location: 6:00

EZnoko - Winner!

  • Race: Zerg Zerg
  • League: Diamond
  • Spawn Location: 9:00

qqq

  • Race: Zerg Zerg
  • League: Platinum
  • Spawn Location: 3:00

Massa

  • Race: Terran Terran
  • League: Platinum
  • Spawn Location: 12:00

VOD

Have the link to the VOD?

Description

Time

  • Played on: Dec. 6, 2020, 6:25 a.m.
  • Length: 12:56
Show
View Real Time Build Order
Export as new Build Order

DrZ Terran - Winner!

Build Orders: Reaper Expand 

Get SALT Encoding   

  12  0:00  SCV  
  13  0:12  SCV  
  14  0:17  Supply Depot  
  14  0:24  SCV  
  15  0:39  SCV  
  15  0:41  Barracks  
  16  0:46  Refinery  
  16  0:51  SCV  
  17  1:03  SCV  
  18  1:15  SCV  
  19  1:28  Orbital Command  
  19  1:29  Reaper  
  20  1:42  Command Center  
  20  1:49  Supply Depot  
  20  1:55  SCV  
  21  2:01  Marine  
  21  2:07  SCV  
  23  2:12  Factory  
  23  2:25  Barracks Reactor  
  23  2:39  SCV  
  24  2:51  SCV  
  25  3:00  Orbital Command  
  25  3:09  Starport  
  25  3:10  SCV  
  26  3:15  Refinery  
  25  3:22  Barracks Tech Lab, SCV  
  25  3:24  Hellion x2  
  25  3:25  SCV  
  31  3:34  SCV  
  31  3:37  SCV  
  33  3:45  Hellion x2  
  33  3:47  SCV  
  33  3:48  Stimpack, Supply Depot  
  38  3:49  Marine  
  39  3:59  SCV x2  
  41  4:11  SCV x2  
  47  4:17  Widow Mine x2  
  47  4:21  Viking  
  47  4:23  SCV x2  
  51  4:33  Barracks  
  51  4:35  SCV, Barracks  
  51  4:36  SCV  
  45  4:42  Hellion x2  
  45  4:43  Marine  
  50  4:50  Bunker  
  50  5:01  Marine  
  44  5:09  Hellion  
  44  5:10  Hellion  
  46  5:19  Marine  
  45  5:24  SCV  
  45  5:27  Barracks Reactor x2  
  46  5:31  Hellion, Starport Reactor  
  48  5:37  Marine  
  49  5:43  SCV x2  
  47  5:54  Marine  
  48  6:00  Widow Mine x2  
  52  6:07  Marine x2  
  54  6:15  Marine x3, Medivac x2, Supply Depot  
  54  6:16  Supply Depot  
  54  6:17  SCV  
  62  6:18  Supply Depot  
  62  6:20  Supply Depot  
  62  6:36  SCV, Marine x4  
  62  6:37  Marauder  
  69  6:42  Supply Depot x2  
  69  6:54  Marine x4  
  60  7:03  Marauder  
  60  7:06  Widow Mine x2  
  56  7:09  Medivac x2  
  56  7:12  Marine x4  
  60  7:24  Marine  
  60  7:29  Marine x3  
  59  7:30  Marine  
  63  7:41  Marine  
  64  7:47  Widow Mine x2, Marine x3  
  71  7:58  Marine  
  71  7:59  Combat Shield  
  71  8:00  Marauder  
  71  8:05  Marine  
  75  8:19  Marine x2  
  77  8:20  Marine  
  77  8:21  Marauder  
  77  8:23  Marine  
  81  8:33  Viking x2  
  85  8:37  Marine x3  
  86  8:43  Marauder  
  88  8:58  Marine x3  
  88  9:00  Widow Mine x2  
  95  9:04  Marauder  
  95  9:08  Marine  
  95  9:10  SCV x2  
  95  9:13  Refinery  
  95  9:16  Marine  
  96  9:29  SCV x2  
  96  9:30  Marine x3  
  96  9:31  Marauder  
  101  9:32  Widow Mine x2  
  101  9:33  Marine  
  106  9:41  SCV  
  107  9:50  Engineering Bay  
  107  9:51  Engineering Bay  
  101  10:04  Marauder, Marine x4  
  107  10:07  Widow Mine  
  107  10:11  Supply Depot  
  107  10:14  Supply Depot  
  109  10:16  Widow Mine  
  111  10:31  Marine x3  
  111  10:32  Marauder, Marine  
  111  10:34  Concussive Shells  
  111  10:35  Supply Depot  
  117  10:42  Barracks  
  117  10:43  Barracks, Command Center  
  117  10:49  Marine x3  
  120  10:51  Marine  
  120  10:53  Marine, Medivac x2  
  126  11:09  Marine x4  
  132  11:11  Marauder  
  128  11:27  Marine x4  
  130  11:35  Medivac  
  130  11:36  Medivac  
  134  11:44  Barracks Reactor  
  134  11:56  Supply Depot  
  134  11:58  Supply Depot  
  132  12:01  Supply Depot  
  132  12:06  Marine x4  
  134  12:20  Marine x3  
  134  12:28  SCV  
  134  12:29  SCV  
  136  12:32  Barracks Reactor  
  136  12:34  Widow Mine x2  
  139  12:41  SCV x2  
  149  12:45  Refinery  
Show
View Real Time Build Order
Export as new Build Order

EZnoko Zerg - Winner!

Build Orders: Hatch First 

Get SALT Encoding   

  12  0:03  Drone  
  13  0:12  Drone  
  14  0:17  Overlord  
  14  0:24  Extractor, Drone  
  15  0:36  Drone x2  
  17  0:55  Hatchery  
  16  0:58  Drone  
  16  1:02  Drone  
  18  1:11  Extractor  
  17  1:18  Spawning Pool  
  16  1:20  Drone  
  17  1:30  Drone  
  17  1:31  Drone  
  19  1:41  Drone  
  20  1:51  Overlord  
  20  2:09  Zergling x2  
  20  2:10  Queen x2, Zergling x2  
  26  2:17  Metabolic Boost  
  26  2:19  Drone  
  26  2:20  Drone  
  28  2:25  Drone  
  28  2:29  Drone  
  31  2:37  Drone  
  31  2:39  Drone  
  32  2:46  Queen  
  32  2:49  Queen  
  36  2:54  Overlord  
  36  2:59  Overlord  
  36  3:13  Drone  
  36  3:14  Drone x3  
  36  3:19  Drone  
  41  3:20  Drone x4  
  41  3:22  Drone  
  46  3:28  Lair  
  46  3:31  Drone  
  47  3:34  Extractor  
  47  3:35  Drone  
  47  3:38  Drone  
  48  3:42  Drone  
  48  3:48  Drone x2  
  51  3:51  Evolution Chamber  
  51  3:53  Roach Warren  
  51  3:54  Extractor  
  48  3:57  Drone x3  
  48  3:59  Drone  
  52  4:17  Zerg Missile Weapons Level 1  
  52  4:19  Overlord x5  
  52  4:34  Glial Reconstitution  
  52  4:37  Roach  
  52  4:38  Roach x2  
  58  4:39  Roach  
  58  4:41  Roach x2  
  58  4:43  Roach  
  66  4:48  Extractor  
  66  4:50  Drone x2  
  66  4:51  Drone  
  68  4:59  Roach x2  
  68  5:04  Roach x2  
  70  5:11  Roach  
  70  5:12  Roach x3  
  70  5:14  Roach x2  
  76  5:17  Roach  
  74  5:21  Roach  
  74  5:22  Queen  
  72  5:28  Roach  
  72  5:34  Roach  
  62  5:38  Drone  
  58  5:43  Roach  
  58  5:48  Drone x2  
  59  5:56  Drone x2  
  61  5:58  Tunneling Claws, Roach x4  
  61  6:05  Roach x2  
  65  6:12  Ravager  
  65  6:13  Ravager x3  
  65  6:20  Roach x2  
  65  6:25  Drone x4  
  55  6:32  Drone x2  
  53  6:33  Drone x2  
  53  6:35  Ravager x2  
  53  6:36  Ravager  
  53  6:38  Zerg Missile Weapons Level 2  
  58  6:41  Roach  
  60  6:51  Roach x3  
  53  7:02  Roach x3  
  53  7:03  Roach  
  61  7:10  Roach  
  61  7:11  Roach x2  
  61  7:13  Roach x2  
  69  7:22  Roach x2  
  75  7:23  Roach  
  75  7:34  Roach x3  
  81  7:40  Roach  
  81  7:42  Roach  
  83  7:49  Roach  
  85  8:02  Roach x3  
  85  8:05  Overlord  
  91  8:11  Hatchery, Queen  
  92  8:21  Overlord x2  
  92  8:26  Roach x3  
  96  8:35  Roach x2  
  96  8:37  Roach  
  92  8:48  Roach x2  
  86  8:59  Roach x2  
  90  9:04  Roach  
  90  9:07  Ravager x5  
  97  9:15  Roach x2  
  93  9:25  Overseer  
  93  9:26  Zerg Ground Armor Level 1  
  93  9:27  Roach x2  
  93  9:30  Drone, Queen  
  94  9:32  Drone x3  
  94  9:33  Drone  
  94  9:37  Drone  
  95  9:43  Drone  
  98  9:45  Roach  
  98  9:46  Roach  
  100  9:55  Drone x2  
  100  9:57  Drone, Extractor  
  102  10:02  Roach x2  
  102  10:06  Overlord x2  
  106  10:08  Roach x3  
  112  10:20  Drone x2  
  112  10:21  Drone x3  
  115  10:26  Extractor  
  114  10:31  Hydralisk Den  
  114  10:33  Drone x3  
  114  10:34  Drone x2  
  114  10:35  Drone  
  119  10:36  Drone x2  
  121  10:44  Drone  
  121  10:45  Drone x2  
  121  10:49  Ravager x2  
  126  10:50  Ravager x4  
  126  10:55  Overlord x3  
  130  11:01  Overlord x2  
  130  11:05  Grooved Spines  
  130  11:08  Hatchery  
  129  11:12  Overlord x2  
  129  11:15  Hydralisk  
  129  11:16  Hydralisk x4  
  139  11:28  Roach x5  
  139  11:30  Overlord  
  139  11:31  Overlord x2  
  149  11:42  Hydralisk x4  
  157  11:52  Hydralisk x4  
  163  12:01  Hydralisk  
  163  12:02  Hydralisk x2  
  163  12:08  Hydralisk x2  
  175  12:23  Drone  
  175  12:24  Drone x3  
Show
View Real Time Build Order
Export as new Build Order

qqq Zerg 

Build Orders: Hatch First 

Get SALT Encoding   

  12  0:01  Drone  
  13  0:08  Drone  
  14  0:22  Overlord  
  14  0:43  Drone x2  
  16  0:54  Hatchery  
  16  0:55  Drone  
  16  1:12  Spawning Pool  
  16  1:15  Extractor  
  16  1:16  Drone  
  15  1:20  Drone  
  16  1:26  Drone  
  17  1:36  Drone  
  18  1:42  Drone  
  19  1:52  Extractor  
  18  1:55  Overlord  
  18  1:58  Queen  
  20  2:06  Queen  
  22  2:10  Drone  
  22  2:14  Drone  
  24  2:20  Metabolic Boost  
  24  2:26  Zergling x2  
  24  2:28  Drone  
  25  2:41  Drone x2  
  25  2:43  Zergling x2  
  28  2:45  Zergling x2  
  29  2:52  Drone  
  29  2:54  Drone  
  31  2:59  Baneling Nest  
  31  3:01  Drone  
  31  3:03  Zergling x2  
  32  3:15  Zergling x2  
  32  3:16  Zergling x2  
  34  3:22  Zergling x2  
  35  3:30  Zergling x2  
  36  3:35  Overlord  
  36  3:41  Hatchery, Overlord  
  36  3:44  Baneling x2  
  36  3:46  Drone  
  36  3:53  Zergling x4  
  36  3:54  Zergling x2  
  39  4:03  Zergling x6  
  39  4:04  Zergling x2  
  39  4:07  Zergling x2  
  44  4:11  Drone  
  45  4:22  Zergling x6  
  47  4:41  Zergling x4  
  47  4:42  Zergling x4  
  51  4:47  Overlord x3  
  51  4:49  Baneling x2  
  51  4:50  Baneling  
  45  5:17  Zergling x6  
  45  5:18  Zergling x10  
  45  5:19  Zergling x6  
  49  5:28  Zergling x2  
  49  5:31  Zergling x2  
  49  5:32  Zergling x2  
  49  5:33  Evolution Chamber  
  48  5:40  Lair  
  47  5:42  Drone  
  47  5:46  Drone  
  47  5:47  Drone, Zergling x2  
  47  5:48  Queen  
  52  6:05  Drone  
  52  6:06  Drone, Zergling x2  
  52  6:07  Zergling x4  
  52  6:09  Zerg Melee Weapons Level 1  
  47  6:30  Zergling x2  
  47  6:31  Zergling x10  
  47  6:32  Zergling x6  
  55  6:42  Drone x2  
  55  6:43  Spire  
  55  6:45  Extractor  
  53  6:52  Zergling x6  
  53  6:53  Zergling x4  
  51  7:06  Zergling x6  
  51  7:07  Zergling x4  
  52  7:18  Zergling x6  
  52  7:19  Zergling x8  
  52  7:22  Baneling x8  
  57  7:32  Zergling x2  
  57  7:33  Drone x2  
  58  7:43  Spine Crawler  
  54  7:45  Spine Crawler  
  54  7:48  Drone  
  54  7:50  Drone x3, Extractor  
  56  7:52  Zergling x4  
  56  7:53  Zergling x2  
  59  7:59  Drone x2  
  59  8:00  Drone  
  59  8:04  Mutalisk  
  64  8:05  Extractor  
  64  8:08  Drone  
  64  8:13  Overlord  
  64  8:15  Mutalisk  
  59  8:40  Mutalisk x2  
  34  8:58  Drone x2, Mutalisk  
  34  9:00  Drone x4  
  31  9:20  Drone x3  
  31  9:21  Mutalisk x2  
  33  9:33  Drone  
  33  9:34  Drone  
  35  9:51  Mutalisk  
  33  9:54  Drone  
  33  9:55  Drone x2  
  36  10:05  Drone  
  36  10:06  Drone  
  38  10:46  Drone x3  
  38  10:48  Drone x5  
  38  10:49  Drone  
  43  11:00  Mutalisk  
  45  11:06  Drone  
  39  11:27  Drone x2  
  39  11:28  Drone, Mutalisk  
  39  11:31  Drone x2  
  46  11:34  Mutalisk x2  
  50  11:41  Overseer x2  
  48  11:55  Mutalisk x3  
  48  11:56  Mutalisk x3  
  60  12:15  Overlord x3  
Show
View Real Time Build Order
Export as new Build Order

Massa Terran 

Build Orders: 2 Factory 

Get SALT Encoding   

  12  0:00  SCV  
  13  0:12  SCV  
  14  0:17  Supply Depot  
  14  0:24  SCV  
  15  0:39  SCV  
  15  0:40  Barracks  
  16  0:47  Supply Depot  
  16  0:51  SCV  
  17  0:58  Refinery  
  17  1:03  SCV  
  18  1:11  Refinery  
  18  1:15  SCV  
  19  1:27  SCV  
  19  1:31  Barracks  
  20  1:34  Marine  
  21  1:54  Factory  
  21  2:02  Orbital Command  
  21  2:04  Barracks Tech Lab  
  21  2:15  Factory  
  21  2:18  Marine  
  22  2:29  SCV  
  23  2:32  Barracks Reactor  
  23  2:36  Reaper  
  24  2:47  Hellion  
  26  2:53  Infernal Pre-Igniter  
  26  2:57  SCV  
  27  3:08  Hellion  
  27  3:09  SCV  
  30  3:20  Barracks Tech Lab  
  30  3:24  Supply Depot  
  30  3:26  Supply Depot  
  30  3:29  Supply Depot  
  30  3:40  Hellion x2  
  32  3:41  Stimpack  
  34  3:43  Hellion  
  36  4:01  Reaper, Hellion  
  36  4:02  Reaper  
  40  4:10  Supply Depot  
  40  4:12  Engineering Bay  
  40  4:39  Hellion  
  40  4:40  Hellion x2  
  44  5:04  Hellion x3  
  40  5:25  Hellion x3  
  41  5:46  Hellion x3  
  41  6:04  Marauder  
  43  6:08  Hellion  
  43  6:11  Command Center  
  45  6:25  Marauder  
  47  6:32  Starport  
  47  6:38  Missile Turret  
  29  7:31  Hellion x2  
  29  7:32  Widow Mine  
  29  7:35  Marauder, Marine  
  34  7:37  Starport Tech Lab  
  34  7:40  Orbital Command  
  34  7:42  SCV  
  35  7:53  Widow Mine  
  35  7:54  SCV  
  35  7:56  Marauder  
  35  7:58  Concussive Shells  
  40  8:01  Barracks Tech Lab, Barracks  
  40  8:03  Barracks  
  40  8:05  Barracks  
  40  8:06  SCV  
  41  8:14  SCV  
  41  8:18  SCV, Marauder  
  41  8:20  Banshee  
  41  8:26  SCV  
  45  8:30  SCV  
  46  8:38  SCV  
  46  8:47  Marauder x2  
  44  8:56  Widow Mine  
  44  8:57  Widow Mine  
  44  8:59  Siege Tank  
  51  9:02  Marine  
  51  9:03  Marine x2  
  51  9:08  Marauder x2  
  54  9:18  Widow Mine  
  54  9:20  Marine x2  
  54  9:21  Marine  
  57  9:29  Marauder  
  57  9:30  Marauder  
  59  9:38  Marine  
  59  9:41  Barracks Tech Lab, Marine  
  61  9:51  Marauder x2  
  65  9:56  Marine  
  64  10:12  Marauder x2  
  66  10:22  Marauder  
  66  10:23  Barracks Reactor x2  
  66  10:26  Medivac  
  70  10:33  Siege Tank  
  70  10:34  Marauder x2  
  70  10:35  Widow Mine x2  
  81  10:36  SCV x2  
  83  10:43  Marauder  
  83  10:44  Missile Turret  
  83  10:47  Missile Turret  
  85  10:54  Marine  
  85  10:56  Combat Shield  
  86  11:02  Supply Depot  
  86  11:04  Supply Depot  
  86  11:05  Supply Depot  
  86  11:09  Supply Depot  
  86  11:23  Marine, Medivac, Siege Tank  
  92  11:29  Command Center  
  92  11:35  Marauder x2  
  92  11:36  Marine  
  92  11:37  Marine x3  
  100  11:41  Marauder  
  100  11:42  Engineering Bay  
  102  11:49  Missile Turret  
  102  11:57  Marauder  
  89  12:29  Marauder  
  95  12:30  Marauder x2, Marine x4  
Tags
 
Add a new tag
Caveats
  • Supply blocks, unpowered buildings, or Contaminate may cause inaccurate times.
  • Supply counts are checked every 10 seconds.